 Dungeon Crawl Stone Soup version 0.24.1-14-gf8d2b509d9 (console) character file.

Game seed: 7577656419882339997, levelgen mode: deterministic

2970 Kagalorn the Cleaver (level 9, -4/82 HPs)
             Began as a Minotaur Wanderer on July 14, 2021.
             Was a Believer of Ashenzari.
             Slain by a gnoll
             ... wielding a +0 halberd
              (14 damage)
             ... in a bailey.
             The game lasted 00:27:01 (9051 turns).

Kagalorn the Cleaver (Minotaur Wanderer)            Turns: 9051, Time: 00:27:01

Health: -4/82      AC:  8    Str: 19    XL:     9   Next: 52%
Magic:  12/12      EV: 10    Int: 11    God:    Ashenzari [**....]
Gold:   4          SH:  0    Dex: 12    Spells: 14/14 levels left

rFire    + . .     SeeInvis .   a - +1 hand axe
rCold    + . .     Gourm    .   (no shield)
rNeg     + . .     Faith    .   D - +2 ring mail "Desicoen" {rPois rN+ Int+3}
rPois    +         Spirit   .   (helmet restricted)
rElec    .         Reflect  .   r - scarf {rC+ rF+} (curse)
rCorr    .         Harm     .   (no gloves)
MR       .....                  (no boots)
Stlth    +.........             x - amulet of the acrobat
HPRegen  0.23/turn              (no ring)
MPRegen  0.13/turn              (no ring)

@: hasted, very quick
A: retaliatory headbutt, horns 2
a: Curse Item, Scrying, Renounce Religion


You were in a bailey.
You worshipped Ashenzari.
Ashenzari was pleased with you.
You were hungry.

You visited 2 branches of the dungeon, and saw 9 of its levels.
You also visited: Ossuary and Bailey.

You collected 319 gold pieces.
You spent 315 gold pieces at shops.

Inventory:

Hand Weapons
 a - a +1 hand axe (weapon)
Missiles
 g - 2 boomerangs (quivered)
 E - 4 throwing nets
Armour
 h - a +0 scale mail of cold resistance
 r - a cursed scarf of resistance (worn)
 s - +0 storm dragon scales
 D - the +2 ring mail "Desicoen" (worn) {rPois rN+ Int+3}
   (You found it on level 7 of the Dungeon)

   It affects your intelligence (+3).
   It protects you from poison.
   It protects you from negative energy.
Jewellery
 x - an amulet of the acrobat (around neck)
Wands
 e - a wand of flame (9)
 m - a wand of scattershot (1)
Scrolls
 b - 3 scrolls of enchant weapon
 i - 4 scrolls of magic mapping {unknown}
 k - 3 scrolls of teleportation
 l - 5 scrolls of amnesia
 o - a scroll of immolation {unknown}
 q - 4 scrolls of noise
 u - 5 scrolls of remove curse
 v - a scroll of fear {unknown}
 y - 2 scrolls of fog {unknown}
Potions
 c - 7 potions of curing
 j - 3 potions of resistance
 n - a potion of mutation
 p - 2 potions of lignification
 t - 3 potions of brilliance
 w - a potion of haste
 z - 2 potions of invisibility {unknown}
 A - a potion of agility {unknown}
 B - 3 potions of flight
 C - a potion of ambrosia {unknown}
Comestibles
 f - 10 rations


   Skills:
 + Level 8.7 Fighting
 * Level 10.5 Axes
 - Level 1.0 Throwing
 + Level 8.3 Armour
 - Level 3.0 Spellcasting
   Level 1.0 Air Magic
 - Level 1.0 Evocations


You had 14 spell levels left.
You didn't know any spells.
Your spell library contained the following spells:

 Spells                   Type           Power        Failure   Level  Hunger
 Magic Dart               Conj           #...         38%         1    #......
 Sting                    Conj/Pois      #...         38%         1    #......
 Summon Small Mammal      Summ           #...         38%         1    #......
 Poisonous Vapours        Pois/Air       #.....       45%         2    ###....
 Blink                    Tloc           N/A          52%         2    ###....
 Call Imp                 Summ           #.......     52%         2    ###....
 Slow                     Hex            #.......     52%         2    ###....
 Mephitic Cloud           Conj/Pois/Air  #.......     73%         3    ###....
 Call Canine Familiar     Summ           #.......     77%         3    ###....
 Conjure Flame            Conj/Fire      #.......     77%         3    ###....
 Spider Form              Tmut/Pois      #.........   77%         3    ###....
 Olgreb's Toxic Radiance  Pois           #.......     99%         4    #####..
 Venom Bolt               Conj/Pois      #.........   100%        5    ######.


Dungeon Overview and Level Annotations

Branches:
Dungeon (8/15)             Temple (1/1) D:7         Ossuary (visited)
 Bailey (1/1)
   Lair: D:8-11

Altars:
Ashenzari
Cheibriados
Dithmenos
Elyvilon
Fedhas
Gozag
Hepliaklqana
Kikubaaqudgha
Makhleb
Nemelex Xobeh
Okawaru
Qazlal
Ru
Sif Muna
Trog
Uskayaw
Vehumet
Wu Jian
Xom
Yredelemnul
Zin
The Shining One

Shops:
D:7 *[(*   D:8 *


Innate Abilities, Weirdness & Mutations

You reflexively headbutt those who attack you in melee.
You have a pair of horns on your head.


Message History

Your ring mail "Desicoen" prevents you from hitting the gnoll sergeant.
You headbutt the gnoll sergeant.
The gnoll sergeant is almost dead.
The gnoll hits you from afar with a +0 halberd.
* * * LOW HITPOINT WARNING * * *
The gnoll misses you.
You hit the gnoll sergeant.
You kill the gnoll sergeant!
The gnoll hits you with a +0 spear.
* * * LOW HITPOINT WARNING * * *
The gnoll misses you.
Things that are here:
a +0 glaive; a +0 plate armour You slash the gnoll!
The gnoll is heavily wounded.
You hit the gnoll. You hit the gnoll.
The gnoll is almost dead.
You hit the gnoll but do no damage. The gnoll hits you with a +0 halberd!
You die...

... , .g# , ..#,, , ,
, , ♣≈###'#,, ,, ≈♣
♣≈#...#,,, ,, , ≈♣
♣≈#...## ... * ,, ≈♣
♣≈#...)##... , ≈♣
♣≈#8..g.##'##,,, ≈♣
♣≈#...g@#...# {{ ≈♣
♣≈#####)#...# ** ##≈♣
♣≈.#..(.#...# #.≈♣
♣≈.######'''######.≈♣
♣≈.................≈♣
♣≈≈...............≈≈♣
♣♣≈≈≈≈≈≈≈...≈≈≈≈≈≈≈♣♣
♣♣.......).......♣♣
♣♣♣...........♣♣♣


You could see 2 gnolls.

Vanquished Creatures
  Grinder (D:5)
  Sigmund (D:4)
  A hungry ghost (D:7)
  Menkaure (D:3)
  An ice beast (D:5)
  A phantom (D:4)
  3 ogres
  Blork the orc (D:4)
  4 bullfrogs
  A big kobold (D:7)
  4 gnoll sergeants (Bailey)
  3 scorpions
  4 crimson imps
  3 hounds
  3 jellies
  3 gnoll shamans
  3 iguanas
  Ijyb (D:4)
  3 orc wizards
  2 worker ants
  2 hound skeletons
  4 mummies (Ossuary)
  A worker ant zombie (D:5)
  10 gnolls
  8 adders
  2 shadow imps (D:6)
  An ooze (D:2)
  An adder skeleton (D:6)
  An adder zombie (D:6)
  A worm (D:4)
  A dart slug (D:2)
  3 leopard geckos
  21 orcs
  10 bats
  7 giant cockroaches
  2 gnoll zombies (Ossuary)
  10 goblins
  9 hobgoblins
  15 jackals
  13 kobolds
  5 quokkas
  A ball python (D:5)
  3 frilled lizards
  6 gnoll skeletons (Ossuary)
  4 goblin skeletons (Ossuary)
  3 goblin zombies (Ossuary)
  3 hobgoblin skeletons (Ossuary)
  6 hobgoblin zombies (Ossuary)
  A jackal skeleton (D:4)
  3 kobold skeletons (Ossuary)
  3 kobold zombies (Ossuary)
  4 orc skeletons (Ossuary)
  5 orc zombies (Ossuary)
  A quokka skeleton (D:5)
  12 rats
  4 rat skeletons (Ossuary)
  3 rat zombies (Ossuary)
233 creatures vanquished.

Vanquished Creatures (others)
  A goblin skeleton (Ossuary)
  A goblin zombie (Ossuary)
  A kobold zombie (Ossuary)
  An orc zombie (Ossuary)
4 creatures vanquished.

Grand Total: 237 creatures vanquished

Notes
Turn   | Place    | Note
-------+----------+-------------------------------------------
     0 | D:1      | Kagalorn the Minotaur Wanderer began the quest for the Orb.
     0 | D:1      | Kagalorn set off with the following items: a +0 club, a +0
                  | robe, a wand of flame (15), a ration; and the following
                  | spells available to memorise: Sting, Summon Small Mammal,
                  | Call Canine Familiar, Spider Form
     0 | D:1      | Reached XP level 1. HP: 18/18 MP: 3/3
   180 | D:1      | Reached XP level 2. HP: 20/25 MP: 5/5
   903 | D:1      | You fall into a shaft and drop 1 floor!
   954 | D:2      | Reached XP level 3. HP: 29/31 MP: 6/6
  1484 | D:2      | Reached XP level 4. HP: 40/40 MP: 7/7
  2537 | D:3      | Found a shattered altar of Ashenzari.
  2559 | D:3      | Became a worshipper of Ashenzari the Shackled
  2611 | D:3      | Reached skill level 1 in Axes
  3156 | D:3      | Reached skill level 2 in Axes
  3180 | D:3      | Reached XP level 5. HP: 42/47 MP: 8/8
  3278 | D:4      | Noticed Ijyb
  3286 | D:4      | Killed Ijyb
  3343 | D:3      | Reached skill level 3 in Axes
  3374 | D:4      | Noticed Sigmund
  3374 | D:4      | Noticed Blork the orc
  3374 | D:4      | Noticed Menkaure
  3707 | D:3      | Killed Menkaure
  3707 | D:3      | Reached skill level 5 in Fighting
  3707 | D:3      | Reached skill level 4 in Axes
  3707 | D:3      | Reached XP level 6. HP: 33/56 MP: 9/9
  3849 | D:4      | Found a blossoming altar of Fedhas.
  3880 | D:4      | Found a shadowy altar of Dithmenos.
  3915 | D:4      | Killed Blork the orc
  3978 | D:4      | Reached skill level 5 in Axes
  3978 | D:4      | Reached skill level 5 in Armour
  3978 | D:4      | Reached XP level 7. HP: 13/61 MP: 10/10
  4349 | D:5      | Entered Level 5 of the Dungeon
  4750 | D:5      | Noticed Grinder
  4781 | D:5      | Reached skill level 6 in Axes
  4877 | D:5      | Paralysed by Grinder for 4 turns
  4891 | D:5      | Killed Grinder
  5181 | D:5      | Reached skill level 7 in Axes
  5181 | D:5      | Reached XP level 8. HP: 57/71 MP: 11/11
  5770 | D:6      | Found a sand-covered staircase.
  5779 | Ossuary  | Entered an ossuary
  5864 | Ossuary  | Reached * piety under Ashenzari
  6065 | Ossuary  | Reached skill level 8 in Axes
  6950 | D:4      | Found a shadowy altar of Dithmenos.
  6953 | D:4      | Found a shattered altar of Ashenzari.
  6970 | D:4      | Found a blossoming altar of Fedhas.
  7079 | D:4      | Killed Sigmund
  7079 | D:4      | Reached skill level 9 in Axes
  7133 | D:7      | Found a staircase to the Ecumenical Temple.
  7172 | Temple   | Entered the Ecumenical Temple
  7360 | D:7      | Reached XP level 9. HP: 80/81 MP: 12/12
  7372 | D:7      | Found Zumovom's Assorted Antiques.
  7375 | D:7      | Bought a scroll labeled LEDIT GIBOCH for 31 gold pieces
  7375 | D:7      | Bought a scroll labeled JABIAWOTOU for 31 gold pieces
  8147 | D:7      | Found Fismown's Armour Emporium.
  8154 | D:7      | Reached skill level 10 in Axes
  8168 | D:7      | Got the uncursed ring mail "Desicoen" {rPois rN+ Int+3}
  8181 | D:7      | Identified the +2 ring mail "Desicoen" {rPois rN+ Int+3}
                  | (You found it on level 7 of the Dungeon)
  8299 | D:7      | Found Baxausi's Antique Weapon Shoppe.
  8302 | D:7      | Found Paraza's General Store.
  8310 | D:7      | Bought a potion of curing for 39 gold pieces
  8310 | D:7      | Bought a scroll of amnesia for 45 gold pieces
  8310 | D:7      | Bought a potion of haste for 130 gold pieces
  8310 | D:7      | Bought a potion of curing for 39 gold pieces
  8437 | D:8      | Reached ** piety under Ashenzari
  8509 | D:8      | Noticed a two-headed ogre
  8515 | D:8      | Found Boazxuxe's General Store.
  8529 | D:8      | Found a flagged portal.
  8538 | Bailey   | Entered a bailey
  9051 | Bailey   | Slain by a gnoll

Levels and vault maps discovered:
D:1:      onia_arrival_larder, layout_basic, lemuel_another_geyser
D:2:      layout_loops_ring
D:3:      corexii_shack_village, layout_basic, first_ration,
          cheibrodos_ashenzari_chains
D:4:      layout_rooms, nicolae_overflow_hidden_temple,
          minmay_misc_feat_four_crosses, fedhas_altar_4, uniq_sigmund,
          uniq_ijyb, uniq_blork_the_orc, uniq_menkaure
D:5:      layout_rooms, grunt_ministairs_5, st_stairs_13, uniq_grinder
D:6:      layout_basic, serial_rivers, chequers_serial_rivers_marsh,
          chequers_serial_rivers_marsh, chequers_serial_rivers_small_b,
          chequers_serial_rivers_micro_b, chequers_serial_rivers_small_3,
          nicolae_ossuary_entry_monument
D:7:      layout_gridville, minmay_temple_entry_drinking_statues, serial_shops,
          shop, shop, nicolae_shop_trees, nicolae_shop_behind_doors
D:8:      layout_gridville, enter_bailey_2, serial_shops, shop, shop, shop,
          shop_fountains
Temple:   regret_index_temple_chain_breaker
Bailey:   bailey_polearm_gnolls_kennysheep, bailey

Skill      XL: |  1  2  3  4  5  6  7  8  9 |
---------------+----------------------------+-----
Spellcasting   | 3 |  3.0
Armour         | 2 3 4 5 6 7 8 |  8.3
Fighting       | 3 4 5 6 7 8 |  8.7
Axes           | 2 4 5 7 9 10 | 10.5
Throwing       | |  1.0
Air Magic      | |  1.0
Evocations     | |  1.0

Action                   |  1- 3 |  4- 6 |  7- 9 || total
-------------------------+-------+-------+-------++-------
Melee: Unarmed           |   153 |     1 |       ||   154
       Headbutt          |    26 |    37 |   125 ||   188
       Hand axe          |       |   228 |   549 ||   777
Invok: Curse Item        |       |     1 |       ||     1
Evoke: Wand              |     4 |       |     5 ||     9
  Use: Scroll            |       |     5 |     7 ||    12
       Potion            |       |       |     3 ||     3
  Eat: Chunk             |     2 |     7 |     8 ||    17
       Ration            |       |       |     4 ||     4
Armor: Robe              |    20 |       |       ||    20
       Scale mail        |    45 |       |       ||    45
       Storm dragon scal |       |   157 |   189 ||   346
       Plate armour      |       |    26 |       ||    26
       Ring mail         |       |       |    23 ||    23
Dodge: Dodged            |    95 |   106 |   235 ||   436
